 Dungeon Crawl Stone Soup version 0.30-a0-1-g69b7b797bf (webtiles) character file.

Game seed: 14853774398282180817

235 Plasmagod the Cleaver (level 6, 0/51 HPs)
             Began as a Hill Orc Fighter on Aug 19, 2022.
             Was a Believer of Fedhas.
             Slain by an ogre
             ... wielding a +0 giant club
              (29 damage)
             ... on level 4 of the Dungeon.
             The game lasted 00:04:37 (3106 turns).

Plasmagod the Cleaver (Hill Orc Fighter)            Turns: 3106, Time: 00:04:37

Health: 0/51       AC:  6    Str: 27    XL:     6   Next: 5%
Magic:  6/6        EV:  9    Int:  8    God:    Fedhas [**....]
Gold:   224        SH:  4    Dex: 10    Spells: 5/5 levels left

rFire   . . .      SeeInvis .    a - +0 war axe
rCold   . . .      Faith    .    c - +0 buckler
rNeg    . . .      Spirit   .    b - +0 scale mail
rPois   .          Reflect  .    (no helmet)
rElec   .          Harm     .    (no cloak)
rCorr   .          Rampage  .    (no gloves)
Will    .....                    (no boots)
Stlth   ..........               (no amulet)
HPRegen 0.17/turn                q - +6 ring of strength
MPRegen 0.10/turn                (no ring)

@: no status effects
A: no striking features
a: Renounce Religion, Wall of Briars


You were on level 4 of the Dungeon.
You worshipped Fedhas.
Fedhas was pleased with you.
You visited 1 branch of the dungeon, and saw 4 of its levels.

You collected 224 gold pieces.

Inventory:

Hand Weapons
 a - a +0 war axe (weapon)
Missiles
 l - 6 curare-tipped darts (quivered)
Armour
 b - a +0 scale mail (worn)
 c - a +0 buckler (worn)
Jewellery
 q - a +6 ring of strength (left hand)
 s - a ring of poison resistance
 w - the ring "Ushry" {Fly rElec rPois Str-2}
   (You found it on level 3 of the Dungeon)

   [ring of flight]

   Str:       It affects your strength (-2).
   rElec:     It insulates you from electricity.
   rPois:     It protects you from poison.
   Fly:       It grants you flight.
Wands
 r - a wand of roots (6)
 t - a wand of digging (1)
Scrolls
 e - a scroll of poison {unknown}
 f - 2 scrolls of magic mapping {unknown}
 k - 3 scrolls of identify {unknown}
 m - a scroll of amnesia {unknown}
 p - a scroll of blinking {unknown}
 v - a scroll of teleportation {unknown}
 y - a scroll of brand weapon {unknown}
Potions
 d - a potion of heal wounds {unknown}
 g - a potion of lignification {unknown}
 h - a potion of haste {unknown}
 i - a potion of brilliance {unknown}
 j - 7 potions of curing {unknown}
 n - 3 potions of cancellation {unknown}
 o - 5 potions of degeneration {unknown}
 u - 2 potions of resistance {unknown}
 x - a potion of ambrosia {unknown}


   Skills:
 - Level 3.6 Fighting
 + Level 8.1 Axes
 - Level 3.2 Armour
 - Level 3.2 Shields


You had 5 spell levels left.
You didn't know any spells.
Your spell library was empty.

Dungeon Overview and Level Annotations

Branches:
Dungeon (4/15)
 Temple: D:4-7

Altars:
Fedhas
Qazlal
Wu Jian


Message History

Found an ornate altar of the Wu Jian Council.
You now have 163 gold pieces (gained 18).
Found a robe.
k - 2 scrolls labelled JOIJAA MIALU (gained 1)
Found an escape hatch in the ceiling.
A sourceless malevolence fills the Dungeon... and a teleportation trap spontaneously manifests!
You are yanked towards a nearby monster!
Your surroundings suddenly seem different.
A hobgoblin comes into view.
Found 10 gold pieces.
Found a stone staircase leading up.
You barely miss the hobgoblin. The hobgoblin barely misses you.
You slash the hobgoblin!
You kill the hobgoblin!
Fedhas appreciates your contribution to the ecosystem.
No target in view!
You see here a hobgoblin corpse.
You now have 173 gold pieces (gained 10).
y - a scroll labelled TAPTEA JUEPODD You now have 194 gold pieces (gained 21).
Found a stone staircase leading down.
u - 2 yellow potions (gained 1)
You now have 209 gold pieces (gained 15).
You now have 224 gold pieces (gained 15).
k - 3 scrolls labelled JOIJAA MIALU (gained 1)
An ogre comes into view. It is wielding a +0 giant club.
The ogre shouts!
A quokka comes into view.
Okay, then.
You hit the ogre.
The ogre is lightly wounded.
The ogre hits you with a +0 giant club!!
You hit the ogre.
The ogre is moderately wounded.
The ogre closely misses you.
You barely miss the ogre.
The ogre is moderately wounded.
The ogre hits you with a +0 giant club!!
Ouch! That really hurt!
You die...
Fedhas appreciates your contribution to the ecosystem.

##.#.####.......#
#...†÷...........
#..##).##......##
#..#............#
#................
#......#........#
#...##.#.#......#
..########..#.#.##....##
.....rO@..#.....###...##
.......##.##....###...##
....... #.###...........
....... #..##.........#.
.###...##.........#....#
#..............####.#
#####..........# #.#
#............# #.#
#..##.........# #.#


You could see an ogre and a quokka.

Vanquished Creatures
  A jelly (D:4)
  A hound (D:4)
  Jessica (D:2)
  Terence (D:3)
  4 adders
  3 dart slugs
  3 worms
  An orc (D:4)
  7 endoplasms
  3 giant cockroaches
  4 goblins
  7 hobgoblins
  4 jackals
  7 kobolds
  2 quokkas
  9 ball pythons
  9 bats
  2 frilled lizards (D:2)
  4 rats
73 creatures vanquished.

Notes
Turn   | Place    | Note
-------+----------+-------------------------------------------
     0 | D:1      | Plasmagod the Hill Orc Fighter began the quest for the Orb.
     0 | D:1      | Reached XP level 1. HP: 19/19 MP: 1/1
    28 | D:1      | Found a faded altar of an unknown god.
    51 | D:1      | Reached skill level 3 in Axes
    76 | D:1      | Reached XP level 2. HP: 20/26 MP: 2/2
   398 | D:1      | Reached skill level 4 in Axes
   958 | D:1      | Prayed at the altar of an unknown god.
   958 | D:1      | Became a worshipper of Fedhas Madash
   958 | D:1      | Reached * piety under Fedhas
  1012 | D:2      | Noticed Jessica
  1020 | D:2      | Killed Jessica
  1021 | D:2      | Reached skill level 5 in Axes
  1021 | D:2      | Reached XP level 3. HP: 16/31 MP: 3/3
  1202 | D:2      | Reached XP level 4. HP: 35/39 MP: 4/4
  1224 | D:2      | Reached skill level 6 in Axes
  1407 | D:2      | Reached ** piety under Fedhas
  2082 | D:3      | Noticed Terence
  2098 | D:3      | Killed Terence
  2099 | D:3      | Reached XP level 5. HP: 18/45 MP: 5/5
  2320 | D:3      | Reached skill level 7 in Axes
  2643 | D:3      | Identified the ring "Ushry" {Fly rElec rPois Str-2}
  2795 | D:4      | Reached skill level 8 in Axes
  2795 | D:4      | Reached XP level 6. HP: 20/51 MP: 6/6
  3029 | D:4      | Found a stormy altar of Qazlal.
  3033 | D:4      | Found an ornate altar of the Wu Jian Council.
  3106 | D:4      | Slain by an ogre

Illustrated notes

Levels and vault maps discovered:
D:1:      spicycebolla_arrival_risky_transporter, layout_basic,
          hellmonk_ecumenical_altar_run_dry, serial_bayou_ford_a,
          amcnicky_mini_rare_corridor_liquid
D:2:      layout_loops_ring, minmay_joined_circles, uniq_jessica
D:3:      layout_loops_ring, uniq_terence
D:4:      layout_rooms, minitemple, minmay_temple_entry_junction, serial_curves,
          eino_curves_04, eino_curves_03, eino_curves_01,
          chequers_serial_rivers_room_b

Skill      XL: |  1  2  3  4  5 |
---------------+----------------+-----
Axes           | 3 5 6 8 |  8.1
Fighting       | |  3.6
Armour         | |  3.2
Shields        | |  3.2

Action                   |  1- 3 |  4- 6 || total
-------------------------+-------+-------++-------
Melee: War axe           |    64 |   136 ||   200
  Use: Potion            |     1 |       ||     1
Armor: Scale mail        |    30 |    57 ||    87
Dodge: Dodged            |    28 |    65 ||    93
Block: Buckler           |    13 |    30 ||    43

Table legend: (Time is in decaauts)
 A = Elapsed time spent in this place.
 B = Non-inter-level travel time spent in this place.
 C = Inter-level travel time spent in this place.
 D = Time resting spent in this place.
 E = Time spent auto-exploring this place.
 F = Levels seen in this place.
 G = Mean time per level.
                   A        B        C        D        E       F      G
               +--------+--------+--------+--------+--------+-----+--------+
         Total |   3168 |   3079 |     89 |      0 |   2530 |   4 |  792.0 |
       Dungeon |   3168 |   3079 |     89 |      0 |   2530 |   4 |  792.0 |
               +--------+--------+--------+--------+--------+-----+--------+

Top non-repeatable levels by time:
     D:1: 1030 daAuts
     D:2: 955 daAuts
     D:3: 848 daAuts
     D:4: 333 daAuts
